 Dungeon Crawl Stone Soup version 0.31-a0-221-gbddc013574 (webtiles) character file.

Game seed: 1588957930552298077

4781 Shard1697 the Basher (level 10, -1/80 (89) HPs)
             Began as an Armataur Fighter on July 4, 2023.
             Was an Initiate of Yredelemnul.
             Slain by a blink frog (15 damage)
             ... on level 8 of the Dungeon.
             The game lasted 00:12:44 (8898 turns).

Shard1697 the Basher (Armataur Fighter)             Turns: 8898, Time: 00:12:45

HP:   -1/80 (89)    AC: 10    Str: 32    XL:     10   Next: 23%
MP:   12/12         EV:  7    Int:  8    God:    Yredelemnul [......]
Gold: 422           SH: 10    Dex: 10    Spells: 9/9 levels left

rFire   . . .        a - +1 morningstar
rCold   . . .        p - +1 kite shield
rNeg    . . .        B - +0 scale mail
rPois   .            l - +2 helmet
rElec   .            w - scarf {+Inv}
rCorr   .            (no gloves)
SInv    .            (no barding)
Will    .....        (no amulet) Stlth
                     f - ring of flight
HPRegen 0.33/turn    n - +6 ring of strength
MPRegen 0.13/turn

%: roll
@: flying, very slightly contaminated, studying Fighting, heavily drained,
invisible
A: large, rugged brown scales 3, deformed body, armoured tail, roll, long
tongue, awkward tongue
a: Renounce Religion, Evoke Invisibility, Recall Undead Harvest


You were on level 8 of the Dungeon.
You worshipped Yredelemnul.
Yredelemnul was noncommittal.
You visited 3 branches of the dungeon, and saw 10 of its levels.

You collected 422 gold pieces.

Inventory:

Hand Weapons
 a - a +1 morningstar (weapon)
 b - a +0 war axe
Missiles
 c - 8 javelins
Armour
 l - a +2 helmet (worn)
 p - a +1 kite shield (worn)
 w - a scarf of invisibility (worn)
 B - a +0 scale mail (worn)
Jewellery
 f - a ring of flight (left hand)
 n - a +6 ring of strength (right hand)
 t - a ring of resist corrosion
 x - a ring of fire
Wands
 e - a wand of flame (15)
Scrolls
 j - a scroll of immolation
 k - 3 scrolls of teleportation
 o - a scroll of enchant weapon
 q - a scroll of silence
 A - a scroll of revelation
Potions
 d - 6 potions of might
 g - a potion of magic
 h - 3 potions of cancellation
 i - 2 potions of haste
 m - 3 potions of curing
 r - a potion of berserk rage
 u - a potion of lignification
 z - a potion of attraction
 C - a potion of brilliance {unknown}


   Skills:
 + Level 6.6 Fighting
 + Level 8.3 Maces & Flails
 - Level 3.6 Armour
 + Level 7.5 Shields
 - Level 3.0 Invocations
 * Level 8.0 Evocations


You had 9 spell levels left.
You didn't know any spells.
Your spell library contained the following spells:

 Spells                   Type           Power      Damage    Failure   Level
 Kiss of Death            Conj/Necr      0%         2d5       80%         1
 Magic Dart               Conj           0%         1d3       80%         1
 Searing Ray              Conj           0%         2d4       91%         2
 Confusing Touch          Hex            0%         N/A       99%         3
 Dazzling Flash           Conj/Hex       0%         N/A       99%         3
 Ignite Poison            Fire/Tmut/Pois 0%         N/A       99%         3
 Summon Guardian Golem    Hex/Summ       0%         N/A       99%         3
 Dispel Undead            Necr           0%         3d6       100%        4
 Fulminant Prism          Conj/Hex       0%         3d5       100%        4
 Sticky Flame             Conj/Fire      0%         2d3       100%        4
 Agony                    Necr           0%         N/A       100%        5
 Silence                  Hex/Air        0%         N/A       100%        5
 Enfeeble                 Hex            0%         N/A       100%        7
 Ignition                 Fire           0%         3d3       100%        8


Dungeon Overview and Level Annotations

Branches:
Dungeon (8/15)             Temple (1/1) D:6            Lair (1/5) D:8

Altars:
Ashenzari
Cheibriados
Elyvilon
Fedhas
Gozag
Hepliaklqana
Kikubaaqudgha
Nemelex Xobeh
Okawaru
Sif Muna
Trog
Uskayaw
Vehumet
Wu Jian
Xom
Yredelemnul
Zin
The Shining One


Innate Abilities, Weirdness & Mutations

You are completely covered in rugged brown scales. (AC +3, +7% HP)
Armour fits poorly on your strangely shaped body.
You have a long armoured tail.
You roll when moving toward enemies. (Rampage)
Your long tongue fully drains potion bottles. (2x potion effects)
Your tongue gives you trouble enunciating. (1.5x scroll delay)


Message History

You fly upwards.
Welcome back to the Dungeon!
Your blink frog zombie crumbles into dust!
There is a staircase to the Lair, spattered with blood here.
You feel drained.
You fade into invisibility!
You are very lightly contaminated with residual magic.
The blink frog hits you! x2
You bludgeon the blink frog!!
The blink frog is severely wounded.
The blink frog hits you. The blink frog hits you!
The blink frog blinks!
You puncture the blink frog!
The blink frog is moderately wounded.
The blink frog hits you but does no damage.
You block the blink frog's attack.
You barely miss the blink frog.
Your tail-slap misses the blink frog.
The blink frog is moderately wounded.
The blink frog hits you.
The blink frog blinks!
You completely miss the blink frog.
The blink frog is severely wounded.
The blink frog hits you.
The blink frog blinks! x2
You thump the blink frog! You tail-slap the blink frog.
You kill the blink frog!
Your Evocations skill increases to level 8!
You miss the blink frog.
The blink frog is moderately wounded.
The blink frog hits you!
* * * LOW HITPOINT WARNING * * *
The blink frog blinks!
You feel better.
You slurp down every last drop of the potion of curing!
You roll towards the blink frog!
You barely miss the blink frog.
The blink frog is moderately wounded.
You block the blink frog's attack. The blink frog hits you!
* * * LOW HITPOINT WARNING * * *
You catch the helpless blink frog completely off-guard!
You sock the blink frog!
Your tail-slap misses the blink frog.
The blink frog is severely wounded.
The blink frog hits you!
You die...
Your body rises from the dead as a mindless zombie.

#..Z..# ####......
###.####################......
#...# ###########.........Z..
#.### #...........#.###......
#.# ###....###....#+###......
#.# #...#...≈...#....##......
#.####.##..#...#..#.....#...[.
#..>...##.##PF.##.#.....#....#
###.#...#..PP@....#.....#....#
#.#...#≈..P>...≈#...###.....
#.....#..P.P....#.....#.##..
###...#.##P.P##.#.....#.....
##..#..#...#..#.....#.....
#...#...≈...#......#.....
#......###.........#.....
#..................#.....
############.......#.....


You could see a blink frog (unable to see you).

Vanquished Creatures
  A troll (D:7)
  6 blink frogs (D:8)
  Sigmund (D:3)
  4 yaks
  2 steam dragons (D:8)
  2 sky beasts
  An ice beast (D:6)
  A black bear (D:6)
  4 centaurs
  An ogre (D:5)
  2 phantoms
  A kobold brigand (D:7)
  4 scorpions
  2 howler monkeys
  6 orc priests
  A gnoll bouda (D:6)
  3 hounds
  A sleepcap (D:4)
  2 iguanas
  4 orc wizards
  3 gnolls (D:6)
  11 adders
  A shadow imp (D:8)
  An ufetubus (D:5)
  A worm (D:2)
  5 dart slugs
  34 orcs
  3 ball pythons
  4 endoplasms
  7 giant cockroaches
  5 goblins
  9 hobgoblins
  4 jackals (D:4)
  4 bats
  5 frilled lizards
  11 kobolds
  4 rats
161 creatures vanquished.

Vanquished Creatures (collateral kills)
  A blink frog (D:8)
  A phantom (D:7)
  A howler monkey (D:7)
  An orc wizard (D:8)
  A kobold (D:8)
5 creatures vanquished.

Vanquished Creatures (others)
  A yak (D:8)
  3 yak zombies (D:8)
  2 orc zombies (D:8)
  A kobold (D:8)
  A kobold zombie (D:8)
8 creatures vanquished.

Grand Total: 174 creatures vanquished

Notes
Turn   | Place    | Note
-------+----------+-------------------------------------------
     0 | D:1      | Shard1697 the Armataur Fighter began the quest for the Orb.
     0 | D:1      | Reached XP level 1. HP: 19/19 MP: 1/1
   479 | D:1      | Reached XP level 2. HP: 23/26 MP: 2/2
   890 | D:1      | Reached XP level 3. HP: 32/32 MP: 3/3
  1969 | D:2      | Reached XP level 4. HP: 36/39 MP: 4/4
  2889 | D:3      | Reached XP level 5. HP: 35/44 MP: 5/5
  3025 | D:3      | Noticed Sigmund
  3040 | D:3      | Killed Sigmund
  3041 | D:3      | Reached XP level 6. HP: 34/53 MP: 6/6
  3476 | D:4      | Identified the +5 sling of Light {flame, Str+2}
  3924 | D:5      | Entered Level 5 of the Dungeon
  3994 | D:5      | Reached XP level 7. HP: 60/60 MP: 7/7
  4216 | D:5      | Reached skill level 1 in Evocations
  5084 | D:6      | Reached skill level 5 in Shields
  5084 | D:6      | Reached XP level 8. HP: 60/70 MP: 8/8
  5093 | D:6      | Got Sif Muna's Compendium of Bad Luck
  5661 | D:6      | Found a staircase to the Ecumenical Temple.
  5873 | Temple   | Entered the Ecumenical Temple
  6089 | Temple   | Became a worshipper of Yredelemnul the Dark
  6501 | D:7      | Noticed a troll
  6510 | D:7      | Killed a troll
  6511 | D:7      | Reached skill level 5 in Evocations
  6554 | D:7      | Reached * piety under Yredelemnul
  6726 | D:7      | Found an iron altar of Okawaru.
  6952 | D:7      | Reached skill level 5 in Fighting
  6952 | D:7      | Reached XP level 9. HP: 50/79 MP: 9/9
  7279 | D:7      | Found an opulent altar of Gozag.
  7409 | D:8      | Found a bloodstained altar of Trog.
  7613 | D:8      | Reached skill level 1 in Invocations
  8092 | D:8      | Found a staircase to the Lair.
  8107 | D:8      | Identified a scroll of acquirement
  8107 | D:8      | Acquired a manual of Fighting
  8377 | Lair:1   | Entered Level 1 of the Lair of Beasts
  8446 | D:8      | Reached XP level 10. HP: 35/88 MP: 12/12
  8898 | D:8      | Slain by a blink frog

Illustrated notes

Levels and vault maps discovered:
D:1:      evilmike_arrival_fibonacci_small, layout_basic, minmay_pentomino_v4
D:2:      layout_basic
D:3:      layout_basic, amethyst_killhole, corner_web_ring, eino_tiny_chamber,
          nrook_campfire, uniq_sigmund
D:4:      layout_cave_pools, hangedman_decor_peaks_small, feat_on_display
D:5:      layout_rooms, chequers_serial_rivers_micro_c
D:6:      layout_layer_cave, minmay_temple_entry_butterflies,
          minmay_misc_feat_room
D:7:      layout_loops_ring, okawaru_gym_becter, nicolae_overflow_hidden_temple,
          due_unseen_surprise
D:8:      layout_basic, trog_book, dpeg_oklobed_lair
Temple:   regret_index_temple_generic_petals
Lair:1:   layout_loops_ring, chequers_serial_rivers_micro_a,
          minmay_lair_oklob_bushes, serial_bayou_pond_e, serial_bayou_lagoon_a

Skill      XL: |  1  2  3  4  5  6  7  8  9 10 |
---------------+-------------------------------+-----
Maces & Flails | 2 3 4 6 7 8 |  8.3
Fighting       | 3 4 5 6 |  6.6
Shields        | 4 5 6 7 |  7.5
Evocations     | 3 5 7 8 |  8.0
Invocations    | 2 3 |  3.0
Armour         | |  3.6

Action                     |  1- 3 |  4- 6 |  7- 9 | 10-12 || total
---------------------------+-------+-------+-------+-------++-------
  Melee: Flail             |   103 |   139 |    13 |       ||   255
         Tailslap          |     4 |    11 |    46 |     5 ||    66
         Morningstar       |       |       |   324 |    54 ||   378
Ability: Evoke Invisibilit |       |       |     1 |     2 ||     3
  Evoke: Wand              |       |       |       |     1 ||     1
    Use: Potion            |       |     4 |     2 |     2 ||     8
         Scroll            |       |       |    21 |       ||    21
   Stab: Invisible         |       |       |     2 |     1 ||     3
 Armour: Scale mail        |    42 |    94 |   162 |    13 ||   311
  Dodge: Dodged            |    32 |    48 |   104 |    12 ||   196
  Block: Buckler           |    24 |     2 |       |       ||    26
         Kite shield       |       |    70 |   168 |    30 ||   268

Table legend: (Time is in decaauts)
 A = Elapsed time spent in this place.
 B = Non-inter-level travel time spent in this place.
 C = Inter-level travel time spent in this place.
 D = Time resting spent in this place.
 E = Time spent auto-exploring this place.
 F = Levels seen in this place.
 G = Mean time per level.
                   A        B        C        D        E       F      G
               +--------+--------+--------+--------+--------+-----+--------+
         Total |   9068 |   8640 |    428 |   1445 |   5505 |  10 |  906.8 |
       Dungeon |   8796 |   8410 |    386 |   1445 |   5311 |   8 | 1099.5 |
        Temple |    247 |    205 |     42 |      0 |    191 |   1 |  247.0 |
          Lair |     24 |     24 |      0 |      0 |      3 |   1 |   24.0 |
               +--------+--------+--------+--------+--------+-----+--------+

Top non-repeatable levels by time:
     D:8: 1318 daAuts
     D:7: 1246 daAuts
     D:6: 1169 daAuts
     D:1: 1163 daAuts
     D:3: 1162 daAuts
     D:5: 1077 daAuts
     D:2: 964 daAuts
     D:4: 694 daAuts
  Temple: 247 daAuts
  Lair:1: 24 daAuts
